 Dungeon Crawl Stone Soup version 0.22-a0-117-g314b907 (webtiles) character file.

93 galech the Ruffian (level 4, -3/44 HPs)
             Began as a Troll Monk on Jan 29, 2018.
             Killed by divine providence
             ... invoked by an orc priest
              (12 damage)
             ... on level 3 of the Dungeon.
             The game lasted 00:02:15 (1580 turns).

galech the Ruffian (Troll Monk)                     Turns: 1580, Time: 00:02:15

Health: -3/44      AC:  5    Str: 20    XL:     4   Next: 36%
Magic:  3/3        EV: 10    Int:  6    God:
Gold:   65         SH:  0    Dex: 12    Spells: 3/3 levels left

rFire    + . .     SeeInvis .     - Unarmed
rCold    . . .     Gourm    +   (no shield)
rNeg     . . .     Faith    .   a - +0 robe
rPois    .         Spirit   .   (helmet restricted)
rElec    .         Reflect  .   (no cloak)
rCorr    .         Harm     .   (gloves unavailable)
MR       .....                  (boots unavailable)
Stlth    ++........             o - amulet of rage
HPRegen  0.54/turn              e - ring of protection from fire
MPRegen  0.08/turn              (no ring)

@: no status effects
A: large, unfitting armour, claws 3, fast metabolism 3, gourmand, regeneration
1, shaggy fur 1, tough skin 2
a: Evoke Berserk Rage


You were on level 3 of the Dungeon.
You were very full.

You visited 1 branch of the dungeon, and saw 3 of its levels.

You collected 65 gold pieces.

Inventory:

Armour
 a - a +0 robe (worn)
Jewellery
 e - a ring of protection from fire (left claw)
 o - an amulet of rage (around neck)
Scrolls
 c - a scroll of noise {unknown}
 g - a scroll of identify {unknown}
 h - 2 scrolls of teleportation {unknown}
 j - a scroll of fear {unknown}
 k - 2 scrolls of remove curse {unknown}
 l - a scroll of fog {unknown}
Potions
 d - a potion of degeneration {unknown}
 f - a potion of heal wounds {unknown}
 i - 2 potions of lignification {unknown}
 m - 2 potions of curing {unknown}
 n - a potion of magic {unknown}
Comestibles
 b - 5 rations


   Skills:
 + Level 2.9 Fighting
 - Level 2.6 Dodging
 - Level 1.0 Stealth
 * Level 4.6 Unarmed Combat


You had 3 spell levels left.
You didn't know any spells.

Dungeon Overview and Level Annotations

Branches:
Dungeon (3/15)

Altars:
Sif Muna


Innate Abilities, Weirdness & Mutations

You are too large for most types of armour.
You have claws for hands.
Your metabolism is lightning-fast.
You like to eat raw meat.
Your natural rate of healing is unusually fast.
You are covered in fur. (AC +1)
You have very tough skin. (AC +2)


Message History

The orc barely misses you.
You scratch the orc but do no damage. You claw the orc.
The orc is almost dead.
The orc priest looks satisfied for a moment.
The orc closely misses you.
You scratch the orc.
The orc is almost dead.
The orc priest miscasts a cantrip.
The orc barely misses you.
You claw the orc!
You kill the orc!
You scratch the orc priest.
The orc priest is moderately wounded.
The orc priest barely misses you.
You claw the orc priest!
You kill the orc priest!
You have reached level 4!
The orc priest invokes the aid of Beogh against you.
Beogh smites you!
You die...

.##########
#......
....##....#
#......
....##....########
#......
..........'......#
####...
..(.##....######.#
#... ....##....#
#.# #...
....##....# #.#
#... ....##....#
#.# # ....##....#
#@# ######....#
#o# #....#
#..oS..# #...ro.#
#......# #......#
####.... #...##
.....


You could see an orc priest, an adder, 2 orcs and a rat.

Vanquished Creatures
  An orc priest (D:3)
  An adder (D:3)
  An ooze (D:2)
  A worm (D:3)
  A dart slug (D:1)
  2 leopard geckos
  2 orcs (D:3)
  8 bats
  2 giant cockroaches (D:2)
  2 goblins (D:1)
  6 hobgoblins
  4 jackals (D:1)
  3 frilled lizards
  6 kobolds
  3 rats
43 creatures vanquished.

Notes
Turn   | Place    | Note
-------+----------+-------------------------------------------
     0 | D:1      | galech the Troll Monk began the quest for the Orb.
     0 | D:1      | Reached XP level 1. HP: 22/22 MP: 0/0
   127 | D:1      | Reached XP level 2. HP: 27/29 MP: 1/1
   749 | D:2      | Reached XP level 3. HP: 33/36 MP: 2/2
  1263 | D:2      | Found a deep blue altar of Sif Muna.
  1429 | D:3      | Reached skill level 4 in Unarmed Combat
  1580 | D:3      | Reached XP level 4. HP: 9/44 MP: 3/3
  1580 | D:3      | Killed from afar by an orc priest

Vault maps used:
D:1:      dpeg_arrival_stone_temple_mockup
D:2:      led_sif_pool

Skill      XL: |  1  2  3 |
---------------+----------+-----
Unarmed Combat | 4 |  4.6
Fighting       | |  2.9
Dodging        | |  2.6
Stealth        | |  1.0

Action                   |  1- 3 |  4- 6 || total
-------------------------+-------+-------++-------
Melee: Unarmed           |   123 |       ||   123
       Punch             |     2 |       ||     2
 Stab: Sleeping          |     4 |       ||     4
  Eat: Chunk             |    19 |       ||    19
Armor: Robe              |    55 |       ||    55
Dodge: Dodged            |    78 |       ||    78

Table legend:
 A = Spawn XP
 B = Non-spawn XP
 C = Spawn XP percentage of total XP
 D = Spawn monster count
 E = Non-spawn monster count
 F = Spawn count percentage of total count
 G = Total turns spent on level
                    A         B        C        D         E        F      G
               +---------+---------+-------+---------+---------+-------+---------
         Total |       0 |     133 |   0.0 |       0 |      43 |   0.0 |  1580
               +---------+---------+-------+---------+---------+-------+---------
           D:1 |       0 |      34 |   0.0 |       0 |      18 |   0.0 |   692
           D:2 |       0 |      28 |   0.0 |       0 |      15 |   0.0 |   670
           D:3 |       0 |      71 |   0.0 |       0 |      10 |   0.0 |   218
               +---------+---------+-------+---------+---------+-------+---------
